 Dungeon Crawl Stone Soup version 0.19.5 (webtiles) character file.

95 Jynx the Sneak (level 4, 0/30 HPs)
             Began as a Vampire Enchanter on Mar 4, 2017.
             Slain by a worm (2 damage)
             ... on level 2 of the Dungeon.
             The game lasted 00:03:03 (2351 turns).

Jynx the Sneak (Vampire Enchanter)                  Turns: 2351, Time: 00:03:03

Health: 0/30       AC:  3    Str:  7    XL:     4   Next: 40%
Magic:  5/7        EV: 13    Int: 17    God:
Gold:   59         SH:  0    Dex: 15    Spells: 1 memorised, 6 levels left

rFire  . . .     SeeInvis +     a - +1 dagger
rCold  . . .     Gourm    .     b - +1 robe
rNeg   + . .     Faith    .     (no shield)
rPois  .         Spirit   .     (no helmet)
rElec  .         Reflect  .     (no cloak)
rCorr  .         Harm     .     (no gloves)
MR     .....                    (no boots)
Stlth  +++.......               (no amulet)
                                (no ring)
                                (no ring)

@: no status effects
A: fangs 3, see invisible, unbreathing
a: Bat Form


You were on level 2 of the Dungeon.
You were not thirsty.

You visited 1 branch of the dungeon, and saw 2 of its levels.

You collected 59 gold pieces.

Inventory:

Hand Weapons
 a - a +1 dagger (weapon)
Armour
 b - a +1 robe (worn)
Jewellery
 h - an uncursed amulet of guardian spirit
 p - an uncursed ring of ice
Wands
 n - a wand of flame (16/48)
Scrolls
 e - a scroll of fog {unknown}
 i - 2 scrolls of remove curse {unknown}
 j - a scroll of teleportation {unknown}
 l - a scroll of enchant weapon {unknown}
 o - a scroll of blinking {unknown}
Potions
 d - 5 potions of blood
 f - a potion of invisibility {unknown}
 g - a potion of curing {unknown}
 k - a potion of magic {unknown}
 m - a potion of brilliance {unknown}
 q - a potion of lignification {unknown}
Books
 c - a book of Maledictions

   Spells                             Type                      Level
   a - Corona                         Hexes                        1
   b - Ensorcelled Hibernation        Hexes/Ice                    2
   c - Confuse                        Hexes                        3
   d - Tukima's Dance                 Hexes                        3
   e - Dazzling Spray                 Conjuration/Hexes            3


   Skills:
 * Level 3.1 Short Blades
 + Level 3.1 Dodging
 + Level 5.3 Stealth
 - Level 2.0 Spellcasting
 + Level 4.9 Hexes


You had 6 spell levels left.
You knew the following spells:

 Your Spells              Type           Power        Failure   Level  Hunger
a - Corona                Hex            ###....      2%          1    #......


Dungeon Overview and Level Annotations

Branches:
Dungeon (2/15)

Altars:
Elyvilon

Annotations:
D:2 1 runed door


Innate Abilities, Weirdness & Mutations

You have razor-sharp teeth.
You have supernaturally acute eyesight. (SInv)
You can survive without breathing.


Message History

Aim: a worm (heavily wounded, chance to defeat MR: 65%)
The worm is outlined in light.
You hit the worm.
The worm is severely wounded.
The worm bites you.
You hit the worm.
The worm is severely wounded.
You hit the worm but do no damage.
The worm is severely wounded.
The worm bites you!
* * * LOW HITPOINT WARNING * * *
You are too injured to fight recklessly!
You are too injured to fight recklessly!
You are too injured to fight recklessly!
You barely miss the worm.
The worm is severely wounded.
You hit the worm. You bite the worm, but do no damage.
The worm is severely wounded.
The worm bites you.
You die...

###.# .†..# ##
...## # .# ##.# ...
##.# ##.#..... ...#
.........# #..#
##.#.....##.####..#
...#.....##....w..#
#### ##### #@# #
#.# . #######.# ##
#.......#
##.#######
#########.<.#
........).#.#
#########...# #
#####


You could see a worm.

Vanquished Creatures
  6 adders (D:2)
  A worm (D:2)
  3 dart slugs
  A leopard gecko (D:1)
  2 giant cockroaches (D:1)
  3 goblins
  3 hobgoblins
  3 jackals (D:1)
  4 bats
  2 frilled lizards (D:1)
  5 kobolds
  A rat (D:2)
34 creatures vanquished.

Notes
Turn   | Place    | Note
-------+----------+-------------------------------------------
     0 | D:1      | Jynx the Vampire Enchanter began the quest for the Orb.
     0 | D:1      | Reached XP level 1. HP: 13/13 MP: 3/3
    75 | D:1      | Reached XP level 2. HP: 18/19 MP: 5/5
   814 | D:2      | Reached XP level 3. HP: 19/24 MP: 6/6
  1313 | D:2      | Found a white marble altar of Elyvilon.
  1340 | D:2      | Reached skill level 5 in Stealth
  1479 | D:2      | Reached XP level 4. HP: 30/30 MP: 7/7
  1498 | D:2      | Found a runed door.
  2351 | D:2      | Slain by a worm

Skill      XL: |  1  2  3  4 |
---------------+-------------+-----
Short Blades   | 2 3 |  3.1
Stealth        | 5 |  5.3
Dodging        | 3 |  3.1
Spellcasting   | |  2.0
Hexes          | |  4.9

Action                   |  1- 3 |  4- 6 || total
-------------------------+-------+-------++-------
Melee: Dagger            |   118 |    63 ||   181
       Bite              |     7 |     5 ||    12
 Cast: Corona            |     7 |     4 ||    11
  Use: Scroll            |     2 |     1 ||     3
 Stab: Sleeping          |     7 |     1 ||     8
  Eat: Corpse            |     1 |     3 ||     4
Armor: Robe              |    32 |    10 ||    42
Dodge: Dodged            |    80 |    34 ||   114
